 Seeded DCSS version 0.30-a0-457-g4b7bca3bfa (webtiles) character file.

Game seed: 9653979536821995196 (custom seed)

201669 purpskrrrp the Imperceptible (level 17, 0/108 HPs)
             Began as a Vampire Brigand on Dec 14, 2022.
             Was the Champion of Dithmenos.
             Blown up by an orb spider (51 damage)
             ... with an orb of destruction
             ... led by a broodmother
             ... on level 3 of the Spider Nest.
             The game lasted 01:18:56 (30894 turns).

purpskrrrp the Imperceptible (Vampire Brigand)     Turns: 30894, Time: 01:18:57

Health: 0/108      AC: 17    Str:  8    XL:     17   Next: 92%
Magic:  0/22       EV: 36    Int: 25    God:    Dithmenos [******]
Gold:   2144       SH:  4    Dex: 31    Spells: 13/23 levels left

rFire   + + .      SeeInvis +    r - +9 rapier of Light {speed, +Blink Will+ Int+3 Stlth+}
rCold   + . .      Faith    .    (no shield)
rNeg    + + +      Spirit   +    U - +4 steam dragon scales
rPois   ∞          Reflect  .    x - +0 helmet
rElec   .          Harm     .    I - +0 cloak {rPois}
rCorr   +          Rampage  .    h - +3 pair of gloves "Paxkaref" {rF+ rC- SInv}
Will    ++...                    o - +1 pair of boots {Fly} Stlth ####******
                                 M - amulet of Vuteeq {Spirit Dex+4}
HPRegen 0.00/turn                g - +6 ring of dexterity
MPRegen 0.18/turn                s - ring of resist corrosion

@: flying, bloodless, inhibited regen, wreathed by umbra, studying Dodging
A: bloodless, fangs 3, see invisible, vampiric 2, large bone plates 1, clever 2,
fire resistance 1
}: 1/15 runes: barnacled
a: Bat Form, Revivify, Renounce Religion, Evoke Blink, Shadow Step, Shadow Form


You were on level 3 of the Spider Nest.
You worshipped Dithmenos.
Dithmenos was exalted by your worship.
You visited 7 branches of the dungeon, and saw 31 of its levels.
You also visited: Ice Cave.

You collected 4007 gold pieces.
You spent 1863 gold pieces at shops.

Inventory:

Hand Weapons
 r - the +9 rapier of Light (weapon) {speed, +Blink Will+ Int+3 Stlth+}
   (You acquired it on level 2 of the Dungeon)

   Attacks with this weapon are significantly faster.
   Int:       It affects your intelligence (+3).
   +Blink:    It lets you blink.
   Will:      It increases your willpower.
   Stlth:     It makes you more stealthy.
 P - the +12 rapier of the Shimmering Tiger {chaos, Will+ Str+2}
   (You took it off a kobold brigand on level 7 of the Dungeon)

   Each time it hits an enemy it has a different, random effect.
   Str:       It affects your strength (+2).
   Will:      It increases your willpower.
Missiles
 d - 50 poisoned darts
 e - 13 curare-tipped darts
 p - 4 atropa-tipped darts
 u - 5 throwing nets
Armour
 h - the +3 pair of gloves "Paxkaref" (worn) {rF+ rC- SInv}
   (You acquired it on level 14 of the Dungeon)

   rF:        It protects you from fire.
   rC:        It makes you vulnerable to cold.
   SInv:      It lets you see invisible.
 o - a +1 pair of boots of flying (worn)
 x - a +0 helmet (worn)
 I - a +0 cloak of poison resistance (worn)
 U - +4 steam dragon scales (worn)
Jewellery
 b - a ring of protection from fire
 g - a +6 ring of dexterity (left hand)
 l - a +4 ring of slaying
 s - a ring of resist corrosion (right hand)
 v - a ring of protection from cold
 M - the amulet of Vuteeq (around neck) {Spirit Dex+4}
   (You acquired it on level 6 of the Dungeon)

   [amulet of guardian spirit]

   It causes incoming damage to be divided between your reserves of health and
   magic.
   Dex:       It affects your dexterity (+4).
 N - a +6 ring of dexterity
Wands
 q - a wand of flame (23)
 y - a wand of quicksilver (32)
 A - a wand of iceblast (18)
 B - a wand of digging (6)
 J - a wand of mindburst (5)
 O - a wand of charming (27)
 X - a wand of polymorph (5)
Scrolls
 a - 13 scrolls of identify
 c - 2 scrolls of fog
 f - 6 scrolls of teleportation
 j - 2 scrolls of fear
 n - a scroll of brand weapon
 C - 7 scrolls of magic mapping
 H - 2 scrolls of poison
 K - 2 scrolls of enchant weapon
 Z - a scroll of blinking
Potions
 i - 10 potions of curing
 k - 3 potions of heal wounds
 m - 6 potions of might
 t - 3 potions of resistance
 w - a potion of invisibility
 z - 6 potions of flight
 E - 3 potions of haste
 G - 2 potions of mutation
 Y - 3 potions of ambrosia


   Skills:
 + Level 12.6 Fighting
 * Level 20.1 Short Blades
 - Level 1.5 Throwing
 + Level 20.5 Dodging
 + Level 23.3 Stealth
 + Level 3.8 Spellcasting
 + Level 15.7 Hexes


You had 13 spell levels left.
You knew the following spells:

 Your Spells              Type           Power      Damage    Failure   Level
a - Enfeeble              Hex            35%        N/A       12%         7
b - Confusing Touch       Hex            70%        N/A       1%          3

Your spell library contained the following spells:

 Spells                   Type           Power      Damage    Failure   Level
 Slow                     Hex            100%       N/A       0%          1
 Ensorcelled Hibernation  Hex/Ice        88%        N/A       1%          2
 Inner Flame              Hex/Fire       44%        N/A       1%          3
 Portal Projectile        Hex/Tloc       88%        N/A       1%          3
 Tukima's Dance           Hex            70%        N/A       1%          3
 Anguish                  Hex/Necr       22%        N/A       3%          4
 Foxfire                  Conj/Fire      16%        2x1d4     10%         1
 Freeze                   Ice            16%        1d4       10%         1
 Sandblast                Erth           8%         2d5       10%         1
 Metabolic Englaciation   Hex/Ice        22%        N/A       11%         5
 Summon Mana Viper        Hex/Summ       44%        N/A       11%         5
 Yara's Violent Unravell  Hex/Tmut       22%        3d10      11%         5
 Blink                    Tloc           8%         N/A       14%         2
 Momentum Strike          Conj/Tloc      8%         3d8       14%         2
 Passwall                 Tmut/Erth      3%         N/A       14%         2
 Sublimation of Blood     Necr           4%         N/A       14%         2
 Wereblood                Tmut           4%         N/A       14%         2
 Call Canine Familiar     Summ           4%         N/A       28%         3
 Frozen Ramparts          Ice            8%         1d2       28%         3
 Hailstorm                Conj/Ice       4%         3d4       28%         3
 Kindle Blastsparks       Fire/Tloc/Air  8%         2d10      28%         3
 Lesser Beckoning         Tloc           8%         N/A       28%         3
 Ozocubu's Armour         Ice            4%         N/A       28%         3
 Spider Form              Tmut/Pois      4%         N/A       28%         3
 Stone Arrow              Conj/Erth      8%         3d7       28%         3
 Vampiric Draining        Necr           4%         2d6       28%         3
 Flame Wave               Conj/Fire      4%         2d5       67%         4
 Ice Form                 Ice/Tmut       4%         N/A       67%         4
 Passage of Golubria      Tloc           4%         N/A       67%         4
 Petrify                  Tmut/Erth      4%         N/A       67%         4
 Sticky Flame             Conj/Fire      4%         2d3       67%         4
 Summon Ice Beast         Ice/Summ       4%         N/A       67%         4
 Summon Lightning Spire   Summ/Air       4%         N/A       67%         4
 Blade Hands              Tmut           2%         N/A       95%         5
 Fireball                 Conj/Fire      2%         3d4       95%         5
 Freezing Cloud           Conj/Ice/Air   2%         6-21      95%         5
 Irradiate                Conj/Tmut      2%         3d12      95%         5
 Simulacrum               Ice/Necr       2%         N/A       100%        6
 Starburst                Conj/Fire      2%         6d3       100%        6
 Ozocubu's Refrigeration  Ice            2%         4d7       100%        7
 Storm Form               Tmut/Air       2%         N/A       100%        7
 Summon Hydra             Summ           2%         N/A       100%        7
 Ignition                 Fire           2%         3d3       100%        8
 Maxwell's Capacitive Co  Air            2%         ∞         100%        8
 Polar Vortex             Ice            2%         N/A       100%        9


Dungeon Overview and Level Annotations

Branches:
Dungeon (15/15)            Temple (1/1) D:6            Lair (5/5) D:8
 Shoals (4/4) Lair:3       Spider (3/4) Lair:3        Slime (0/5) Lair:4
    Orc (2/2) D:12            Elf (0/3) Orc:2        Vaults (0/5) D:13
 Depths (1/4) D:15          IceCv (visited)

Altars:
Ashenzari
Cheibriados
Dithmenos
Fedhas
Gozag
Hepliaklqana
Kikubaaqudgha
Makhleb
Nemelex Xobeh
Okawaru
Qazlal
Ru
Sif Muna
Trog
Uskayaw
Vehumet
Wu Jian
Xom
Yredelemnul
Jiyva
Lugonu

Shops:
D:3 *   D:6 [   D:7 =   D:9 **[(:   D:14 (   Orc:1 :*   Orc:2 *(?[
Shoals:4 ![

Portals:
Abyss: Lair:5

Annotations:
D:5 2 runed translucent doors, bigduke15's ghost, novice TrFi
D:9 exclusion: ice statue
Spider:3 Arachne


Innate Abilities, Weirdness & Mutations

You do not regenerate when monsters are visible.
You are frail without blood (-20% HP).
You can heal yourself when you bite living creatures.
You are immune to poison.
You have razor-sharp teeth.
You have supernaturally acute eyesight. (SInv)
You are afflicted with vampirism and can become a bat while bloodless.
You are partially covered in large bone plates. (SH +4)
Your mind is very acute. (Int +8, Str/Dex -2)
Your flesh is heat resistant. (rF+)


Message History

The tarantella disappears in a puff of smoke!
The jumping spider completely misses you.
The jumping spider closely misses you.
The jumping spider pounces on you but does no damage.
The jumping spider completely misses you.
The redback bites you!
The jumping spider leaps!
The redback completely misses you.
You see here a broodmother corpse.
You puncture the jumping spider!
The jumping spider is moderately wounded.
An entropy weaver comes into view.
The jumping spider completely misses you.
You block the jumping spider's attack.
The entropy weaver shouts!
You puncture the jumping spider! You punch the jumping spider.
The jumping spider is almost dead.
Your shadow hits the jumping spider with a rapier.
A redback comes into view.
The redback completely misses you.
You completely miss the jumping spider.
You punch the jumping spider, but do no damage.
The jumping spider is almost dead.
Your shadow hits the jumping spider with a rapier.
You kill the jumping spider!
Dithmenos accepts your kill.
The orb spider weaves a glowing orb of energy.
An orb of destruction comes into view.
Arachne the Weaver comes into view.
She is wielding a staff of poison.
The jumping spider leaps!
The redback bites you.
A wolf spider comes into view.
Arachne says, "You'll find yourself a bit attached to my weave."
A redback comes into view.
The redback completely misses you.
There is a stone staircase leading up here.
Arachne says, "No one escapes my webs."
Arachne mumbles some strange words.
Arachne blinks!
The redback bites you but does no damage.
The orb of destruction hits you!!!
You die...

.H...##
...s....#.###
.s..§.B.....####
...............#
.....s.s..s....#
..^........#○s.#
..........B☼☼..#
.........†@†...#
....!....†.s..##
.............##
.............#
......†......#
^.....^....^..#
...^...^........
.......###.......
..s.... ......##


You could see Arachne, an entropy weaver, a wolf spider (wandering), an orb
spider, a pharaoh ant, a jumping spider and 3 redbacks.

Vanquished Creatures
  Bai Suzhen (Shoals:4)
  Mlioglotl (Spider:2)
  Polyphemus (Shoals:4)
  2 krakens (Shoals:4)
  Agnes (Spider:1)
  The ghost of Inwioxo the Spry, an adept KoHu of Gozag (Shoals:3)
  A frost giant (Shoals:4)
  2 ghost moths
  Aizul (Shoals:1)
  An emperor scorpion (Spider:1)
  Louise (D:15)
  An ironbound preserver (D:13)
  A very ugly thing (D:15)
  A broodmother (Spider:3)
  2 blizzard demons (IceCv)
  Josephine (Lair:4)
  2 entropy weavers (Spider:2)
  11 merfolk impalers
  A merfolk javelineer (Shoals:4)
  A great orb of eyes (D:15)
  A rakshasa (D:15)
  A catoblepas (Shoals:4)
  2 merfolk avatars
  2 ogre magi (Orc:2)
  4 hydras
  12 centaur warriors
  2 caustic shrike simulacra (IceCv)
  A radroach (Spider:2)
  A jorogumo (Spider:1)
  2 alligator snapping turtles (Shoals:4)
  3 merfolk aquamancers
  A satyr (Shoals:4)
  Erica (D:9)
  2 death yaks (Shoals:4)
  2 boulder beetles
  2 tengu warriors
  15 two-headed ogres
  4 thrashing horrors (Lair:5)
  3 sun demons (Shoals:1)
  Amaemon (Lair:2)
  6 sea snakes
  A sun moth (Spider:2)
  A pharaoh ant (Spider:2)
  A steelbarb worm (Spider:1)
  A glowing orange brain (Depths:1)
  4 orb spiders
  2 obsidian statues
  2 deep trolls (Orc:2)
  A bog body (IceCv)
  5 spriggan simulacra (IceCv)
  2 orc knights
  17 ugly things
  26 harpies
  4 orc sorcerers
  3 deep elf pyromancers
  11 wolf spiders
  11 cyclopes
  8 fauns
  2 moths of wrath
  13 merfolk sirens
  17 manticores
  A water nymph (shapeshifter) (D:15)
  9 elephants
  A smoke demon (Lair:5)
  5 black mambas
  2 gargoyles
  8 water nymphs
  Maggie (D:9)
  An orange demon (Lair:2)
  An unseen horror (D:8)
  5 demonic crawlers
  9 cane toads
  A rime drake (Lair:2)
  A kobold demonologist (D:10)
  6 freezing wraiths (IceCv)
  An ancient zyme (Lair:5)
  A golden dragon simulacrum (IceCv)
  2 efreet
  3 anaconda simulacra (IceCv)
  A polar bear (shapeshifter) (Lair:5)
  6 komodo dragons
  8 ice devils (IceCv)
  A troll (shapeshifter) (D:14)
  14 trolls
  38 merfolk
  4 wind drakes
  3 polar bears
  21 tarantellas
  A raiju (shapeshifter) (Lair:5)
  A hornet (D:10)
  20 blink frogs
  13 slime creatures
  10 snapping turtles
  9 jumping spiders
  9 water elementals
  A spriggan (Lair:5)
  9 culicivoras
  A culicivora (shapeshifter) (Lair:5)
  2 shadows
  A dire elephant simulacrum (IceCv)
  6 wraiths
  A centaur simulacrum (D:14)
  2 ynoxinuls (Lair:5)
  5 wyverns
  9 basilisks
  2 large abominations (Lair:5)
  44 yaks
  3 steam dragons
  25 redbacks
  2 chaos spawn (Lair:5)
  4 vampire mosquitoes
  8 minotaur simulacra (IceCv)
  A harpy simulacrum (IceCv)
  2 wargs
  16 water moccasins
  Duvessa (D:7)
  16 orc warriors
  3 black bears
  3 ice beasts
  4 sky beasts
  2 ettin simulacra (IceCv)
  14 centaurs
  22 ogres
  17 wolves
  7 kobold brigands
  A necrophage (D:5)
  7 small abominations (Lair:5)
  11 bullfrogs
  8 deep troll simulacra (IceCv)
  2 scorpions (D:5)
  3 wights (D:8)
  Dowan (D:7)
  2 lindwurm simulacra (IceCv)
  13 killer bees
  2 electric eels
  8 howler monkeys
  5 hounds
  11 orc priests
  2 gnoll boudas
  4 jellies
  2 iguanas (D:4)
  Ijyb (D:3)
  17 orc wizards
  9 hell rats
  13 gnolls
  8 adders
  10 river rats (Lair:3)
  A shadow imp (D:5)
  A white imp (D:7)
  2 dart slugs
  70 orcs
  10 ball pythons
  9 endoplasms
  8 giant cockroaches
  13 goblins
  5 hobgoblins
  6 jackals
  5 quokkas
  10 bats
  3 frilled lizards
  28 kobolds
  5 rats
  6 tentacles (Shoals:4)
1006 creatures vanquished.

Vanquished Creatures (others)
  A goblin (D:3)
  13 fungi
  57 plants
  8 tentacles (Shoals:4)
79 creatures vanquished.

Grand Total: 1085 creatures vanquished

Notes
Turn   | Place    | Note
-------+----------+-------------------------------------------
     0 | D:1      | purpskrrrp the Vampire Brigand began the quest for the Orb.
     0 | D:1      | Reached XP level 1. HP: 16/16 MP: 1/1
   168 | D:1      | Reached skill level 6 in Stealth
   235 | D:1      | Reached XP level 2. HP: 17/17 MP: 2/2
   708 | D:1      | Identified a scroll of acquirement
   708 | D:1      | Acquired a manual of Dodging
   770 | D:2      | Gained mutation: You are afflicted with vampirism and can
                  | become a bat while bloodless. [Vampire growth]
   770 | D:2      | Reached XP level 3. HP: 21/21 MP: 3/3
   910 | D:2      | Reached skill level 7 in Stealth
   995 | D:2      | Reached XP level 4. HP: 23/27 MP: 4/4
  1129 | D:2      | Identified the +10 trident "Isut Mok" {vorpal, Str+4
                  | Stlth+}
  1360 | D:2      | Acquired the +9 rapier of Light {speed, +Blink Will+ Int+3
                  | Stlth+}
  1409 | D:3      | Found a stormy altar of Qazlal.
  1574 | D:3      | Reached XP level 5. HP: 31/31 MP: 5/5
  1785 | D:3      | Found Gepsocir's Assorted Antiques.
  1803 | D:3      | Found a shimmering altar of Xom.
  1804 | D:3      | Found a shimmering altar of Xom.
  1806 | D:3      | Found a shimmering altar of Xom.
  1807 | D:3      | Found a shimmering altar of Xom.
  1807 | D:3      | Found a shimmering altar of Xom.
  1807 | D:3      | Found a shimmering altar of Xom.
  1931 | D:3      | Noticed Ijyb
  1945 | D:3      | Killed Ijyb
  1946 | D:3      | Reached skill level 8 in Stealth
  2405 | D:4      | Reached XP level 6. HP: 35/37 MP: 6/6
  2472 | D:4      | Reached skill level 9 in Stealth
  2621 | D:4      | Noticed an ice beast
  2625 | D:4      | Killed an ice beast
  2626 | D:4      | Reached XP level 7. HP: 41/41 MP: 7/7
  2764 | D:4      | Found a shimmering blue altar of Sif Muna.
  2874 | D:5      | Entered Level 5 of the Dungeon
  2892 | D:5      | Reached skill level 5 in Short Blades
  2925 | D:5      | Reached skill level 5 in Dodging
  2934 | D:5      | Reached skill level 10 in Stealth
  2943 | D:5      | Found a large runed translucent door.
  2943 | D:5      | Found a large runed translucent door.
  2951 | D:5      | Found a hazy altar of Hepliaklqana.
  2955 | D:5      | Noticed bigduke15's ghost (novice TrFi)
  3013 | D:5      | Found a radiant altar of Vehumet.
  3039 | D:5      | Reached XP level 8. HP: 48/48 MP: 8/8
  3128 | D:5      | Reached skill level 11 in Stealth
  3820 | D:6      | Found Xoniss's Antique Armour Emporium.
  3823 | D:6      | Bought a warped cloak for 209 gold pieces
  3823 | D:6      | Identified the -2 cloak "Zipn" {+Inv rN+ Int+4} (You bought
                  | it in a shop on level 6 of the Dungeon)
  3860 | D:6      | Found a staircase to the Ecumenical Temple.
  3973 | D:6      | Acquired the amulet of Vuteeq {Spirit Dex+4}
  3991 | Temple   | Entered the Ecumenical Temple
  4010 | Temple   | Became a worshipper of Dithmenos the Shadowed
  4334 | D:6      | Reached skill level 12 in Stealth
  4587 | D:7      | Identified the +10 falchion "Tupaib" {elec, rPois rF- rCorr
                  | Str+3}
  4589 | D:7      | Identified the +12 rapier of the Shimmering Tiger {chaos,
                  | Will+ Str+2}
  4640 | D:7      | Found Nawa's Jewellery Boutique.
  4667 | D:7      | Reached XP level 9. HP: 48/52 MP: 9/9
  4767 | D:7      | Noticed Dowan
  4768 | D:7      | Found an ancient bone altar of Kikubaaqudgha.
  4770 | D:7      | Found a bloodstained altar of Trog.
  4770 | D:7      | Noticed Duvessa
  4777 | D:7      | Killed Dowan
  4795 | D:7      | Killed Duvessa
  5035 | D:7      | Reached skill level 5 in Fighting
  5228 | D:7      | Reached skill level 13 in Stealth
  5487 | D:7      | Found a large runed translucent door.
  5488 | D:7      | Found a large runed translucent door.
  5490 | D:7      | Found a shimmering altar of Xom.
  5737 | D:7      | Reached * piety under Dithmenos
  6005 | D:8      | Found a staircase to the Lair.
  6009 | D:8      | Noticed a two-headed ogre
  6016 | D:8      | Killed a two-headed ogre
  6017 | D:8      | Reached skill level 14 in Stealth
  6017 | D:8      | Reached XP level 10. HP: 60/60 MP: 10/10
  6236 | D:8      | Got the Almanac of the Gathered Arsonist
  6508 | D:8      | Reached ** piety under Dithmenos
  6575 | D:8      | Reached skill level 15 in Stealth
  6592 | D:8      | Found a runed translucent door.
  6615 | D:8      | Noticed a centaur warrior
  6615 | D:8      | Noticed a tengu warrior
  6615 | D:8      | Noticed an eight-headed hydra
  6615 | D:8      | Noticed a centaur warrior
  6615 | D:8      | Noticed a centaur warrior
  6883 | D:8      | Killed a centaur warrior
  6884 | D:8      | Reached skill level 10 in Short Blades
  6884 | D:8      | Reached skill level 10 in Dodging
  7038 | D:8      | Found a runed translucent door.
  7038 | D:8      | Noticed a gargoyle
  7779 | D:8      | Killed a centaur warrior
  7874 | D:9      | Found Askuad's Armour Shoppe.
  7909 | D:9      | Reached skill level 16 in Stealth
  8066 | D:9      | Bought a +1 pair of boots for 149 gold pieces
  8107 | D:9      | Noticed Erica
  8119 | D:9      | Killed Erica
  8120 | D:9      | Reached XP level 11. HP: 66/66 MP: 11/11
  8244 | D:9      | Found Cymyem's Assorted Antiques.
  8255 | D:9      | Noticed a two-headed ogre
  8263 | D:9      | Killed a two-headed ogre
  8368 | D:9      | Found Xev Sosho's Antique Weapon Shoppe.
  8447 | D:9      | Found Epuceq's Book Boutique.
  8618 | D:9      | Found Ifofionn's General Store.
  9039 | D:9      | Noticed Maggie
  9064 | D:9      | Killed Maggie
  9259 | D:10     | Entered Level 10 of the Dungeon
  9261 | D:10     | Noticed a two-headed ogre
  9282 | D:10     | Killed a two-headed ogre
  9408 | D:10     | Found an iron altar of Okawaru.
  9542 | D:10     | Noticed an obsidian statue
  9845 | D:10     | Learned a level 7 spell: Enfeeble
  9858 | D:10     | Noticed a two-headed ogre
  9875 | D:10     | Killed an obsidian statue
  9876 | D:10     | Reached skill level 1 in Hexes
  9882 | D:10     | Killed a two-headed ogre
  9883 | D:10     | Reached skill level 17 in Stealth
 10048 | D:11     | Reached *** piety under Dithmenos
 10272 | D:11     | Noticed a two-headed ogre
 10279 | D:11     | Killed a two-headed ogre
 10512 | D:11     | Noticed a cyan ugly thing
 10518 | D:11     | Killed a cyan ugly thing
 10906 | D:12     | Noticed a two-headed ogre
 10907 | D:12     | Noticed a boulder beetle
 10909 | D:12     | Killed a two-headed ogre
 10924 | D:12     | Killed a boulder beetle
 10931 | D:12     | Found a staircase to the Orcish Mines.
 10939 | D:12     | Noticed a two-headed ogre
 10956 | D:12     | Reached XP level 12. HP: 44/72 MP: 7/12
 11339 | D:12     | Reached **** piety under Dithmenos
 11582 | D:12     | Reached skill level 5 in Hexes
 11839 | D:13     | Noticed a centaur warrior
 11845 | D:13     | Killed a centaur warrior
 11883 | D:13     | Noticed a centaur warrior
 11896 | D:13     | Killed a centaur warrior
 12063 | D:13     | Noticed an eight-headed hydra
 12070 | D:13     | Reached skill level 18 in Stealth
 12071 | D:13     | Killed an eight-headed hydra
 12072 | D:13     | Identified the +7 flail of Uluaq {flame, Drain rC+ rCorr
                  | Str+5}
 12086 | D:13     | Noticed a centaur warrior
 12092 | D:13     | Noticed a centaur warrior
 12106 | D:13     | Killed a centaur warrior
 12107 | D:13     | Noticed an ironbound preserver
 12114 | D:13     | Noticed a centaur warrior
 12137 | D:13     | Killed an ironbound preserver
 12151 | D:13     | Killed a centaur warrior
 12177 | D:13     | Killed a centaur warrior
 12295 | D:13     | Found a gate to the Vaults.
 12727 | D:14     | Reached skill level 15 in Dodging
 12727 | D:14     | Reached XP level 13. HP: 79/79 MP: 13/13
 12832 | D:14     | Reached ***** piety under Dithmenos
 13009 | D:14     | Acquired the +3 pair of gloves "Paxkaref" {rF+ rC- SInv}
 13019 | D:14     | Learned a level 3 spell: Confusing Touch
 13028 | D:14     | Found Fiaczaor's Antique Weapon Boutique.
 13881 | D:15     | Entered Level 15 of the Dungeon
 14066 | D:15     | Noticed Louise
 14069 | D:15     | Killed Louise
 14070 | D:15     | Reached skill level 19 in Stealth
 14523 | D:15     | Noticed a purple very ugly thing
 14650 | D:15     | Killed a purple very ugly thing
 14698 | D:15     | Found a staircase to the Depths.
 14762 | D:15     | Gained mutation: Armour fits poorly on your strangely
                  | shaped body. [potion of mutation]
 14762 | D:15     | Gained mutation: Your spells are a little harder to cast,
                  | but a little more powerful. [potion of mutation]
 14762 | D:15     | Gained mutation: You are robust. (+10% HP) [potion of
                  | mutation]
 14763 | D:15     | Lost mutation: Armour fits poorly on your strangely shaped
                  | body. [potion of mutation]
 14763 | D:15     | Lost mutation: Your spells are a little harder to cast, but
                  | a little more powerful. [potion of mutation]
 14763 | D:15     | Lost mutation: You are robust. (+10% HP) [potion of
                  | mutation]
 14763 | D:15     | Gained mutation: Your flesh is heat resistant. (rF+)
                  | [potion of mutation]
 14763 | D:15     | Gained mutation: Your mind is acute. (Int +4, Str/Dex -1)
                  | [potion of mutation]
 14763 | D:15     | Gained mutation: You have hidden genetic potential. [potion
                  | of mutation]
 14767 | Depths:1 | Entered Level 1 of the Depths
 14789 | Depths:1 | Acquired 1173 gold pieces
 15032 | Lair:1   | Entered Level 1 of the Lair of Beasts
 15133 | Lair:1   | Reached XP level 14. HP: 86/86 MP: 14/14
 15148 | Lair:1   | Reached skill level 15 in Short Blades
 16002 | Lair:2   | Reached ****** piety under Dithmenos
 16264 | Lair:2   | Reached skill level 10 in Hexes
 16312 | Lair:2   | Noticed Amaemon
 16325 | Lair:2   | Killed Amaemon
 16950 | Lair:3   | Found a hole to the Spider Nest.
 17073 | Lair:3   | Found a staircase to the Shoals.
 17128 | Lair:3   | Reached skill level 20 in Stealth
 17220 | Lair:3   | Found a broken altar of Ashenzari.
 17493 | Lair:4   | Found a viscous altar of Jiyva.
 17493 | Lair:4   | Found a staircase to the Slime Pits.
 17602 | Lair:4   | Noticed Josephine
 17612 | Lair:4   | Killed Josephine
 17642 | Lair:4   | Gained mutation: Your mind is very acute. (Int +8, Str/Dex
                  | -2) [hidden potential]
 17671 | Lair:4   | Reached skill level 10 in Fighting
 18107 | Lair:5   | Entered Level 5 of the Lair of Beasts
 18908 | Lair:5   | Reached XP level 15. HP: 92/92 MP: 15/15
 18949 | Lair:5   | Found a corrupted altar of Lugonu.
 18949 | Lair:5   | Found a one-way gate to the infinite horrors of the Abyss.
 19202 | D:8      | Identified the +4 great sword of Lavyalas {vorpal, rElec
                  | rC- SInv}
 19543 | Orc:1    | Entered Level 1 of the Orcish Mines
 19728 | Orc:1    | Found Omagoteu's Gadget Gallery.
 19738 | Orc:1    | Found Izeul's Book Shop.
 19747 | Orc:1    | Bought a manual of Dodging for 1200 gold pieces
 19864 | Orc:2    | Entered Level 2 of the Orcish Mines
 19909 | Orc:2    | Found Wies's Armour Shoppe.
 20034 | Orc:2    | Reached skill level 21 in Stealth
 20079 | Orc:2    | Found Zuaddei's Magic Scroll Boutique.
 20085 | Orc:2    | Found Laus's Weapon Emporium.
 20352 | Orc:2    | Found Erenigaq's Assorted Antiques.
 20359 | Orc:2    | Bought a scroll of enchant armour for 75 gold pieces
 20359 | Orc:2    | Bought a scroll of identify for 20 gold pieces
 20370 | Orc:2    | Bought a scroll of enchant armour for 210 gold pieces
 20446 | Orc:2    | Found a staircase to the Elven Halls.
 21008 | Shoals:1 | Entered Level 1 of the Shoals
 21131 | Shoals:1 | Noticed Aizul
 21331 | Shoals:1 | Killed Aizul
 22126 | Shoals:1 | Reached XP level 16. HP: 100/100 MP: 16/16
 23306 | Shoals:3 | Reached skill level 22 in Stealth
 23506 | Shoals:3 | Found a runed translucent door.
 23506 | Shoals:3 | Noticed Inwioxo's ghost (adept KoHu)
 23547 | Shoals:3 | Gained mutation: You are partially covered in large bone
                  | plates. (SH +4) [hidden potential]
 23547 | Shoals:3 | Lost mutation: You have hidden genetic potential. [hidden
                  | potential expressed]
 24460 | Shoals:3 | Killed Inwioxo's ghost
 24527 | Shoals:4 | Entered Level 4 of the Shoals
 24562 | Shoals:4 | Found Senomuutz's Distillery.
 24607 | Shoals:4 | Found Saqaus's Antique Armour Shoppe.
 24614 | Shoals:4 | Noticed Polyphemus
 25045 | Shoals:4 | Noticed a kraken
 25066 | Shoals:4 | Killed a kraken
 25069 | Shoals:4 | Noticed Bai Suzhen
 25171 | Shoals:4 | Killed Bai Suzhen
 26337 | Shoals:4 | Reached XP level 17. HP: 106/106 MP: 17/17
 26395 | Shoals:4 | Noticed a kraken
 26428 | Shoals:4 | Killed a kraken
 26596 | Shoals:4 | Got a barnacled rune of Zot
 26964 | Shoals:4 | Got the Disquisition on the Flamy Entourage
 27056 | Shoals:4 | Reached skill level 1 in Spellcasting
 27151 | Shoals:4 | Killed Polyphemus
 27317 | Spider:1 | Entered Level 1 of the Spider Nest
 27349 | Spider:1 | Noticed Agnes
 27356 | Spider:1 | Killed Agnes
 28142 | Spider:2 | Reached skill level 15 in Hexes
 28151 | Spider:2 | Noticed Mlioglotl
 28158 | Spider:2 | Killed Mlioglotl
 28196 | Spider:2 | Found a frozen archway.
 28205 | IceCv    | Entered an ice cave
 28707 | IceCv    | Reached skill level 23 in Stealth
 30893 | Spider:3 | Noticed Arachne
 30894 | Spider:3 | Blown up by an orb spider

Illustrated notes

Levels and vault maps discovered:
D:1:      lemuel_arrival_lava_pool, layout_basic
D:2:      cheibrodos_old_hovel, layout_loops_ring
D:3:      kennysheep_the_goblin_king, layout_loops_ring, xom_redecorated,
          nicolae_qazlal_general_emergency, serial_shops, shop,
          kennysheep_flooded_box
D:4:      layout_loops_ring, kennysheep_orc_sif_temple,
          hangedman_decor_peaks_small, hex_medium, minmay_strange_pillars,
          st_stairs_7, hangedman_decor_lopped
D:5:      layout_loops_ring, mainiacjoe_overflow_chevrons,
          mainiacjoe_overflow_boulevard, ebering_ghost_disaster_area
D:6:      layout_gridville, minmay_temple_entry_ruins, serial_shops,
          nicolae_shop_behind_doors, minmay_small_thing
D:7:      due_chaos_kobolds, layout_loops_corners,
          chequers_temple_overflow_statue_of_worship, serial_shops, shop,
          uniq_duvessa
D:8:      minmay_the_grid_triangle_9x9_rhombus_thin
          [minmay_the_grid_triangle_9x9_tough_junction,
          minmay_the_grid_triangle_9x9_prize_top_heavy,
          minmay_the_grid_triangle_9x9_impossible_snake,
          minmay_the_grid_triangle_9x9_sprig], layout_basic, elyvilon_altar_5,
          zin_angel
D:9:      cheibrodos_frozen_isle, layout_layer_cave, serial_shops,
          nicolae_shop_advertising_works [nicolae_subvault_shop_adworks],
          nicolae_shop_trees, shop, nicolae_shop_crystal, shop, uniq_maggie,
          uniq_erica
D:10:     layout_rooms, tso_metal_star, okawaru_trees_1, minivault_16
D:11:     layout_long_grid, grunt_decor_junction, minmay_microvault
D:12:     layout_roguey, david_orc_5, hangedman_misty_isle
D:13:     layout_loops_cross, skrybe_vaults_entry_preservation,
          chequers_serial_rivers_micro_c, kennysheep_generic_room_5
D:14:     layout_basic, serial_shops, nicolae_shop_behind_doors, minivault_4
D:15:     gammafunk_enter_depths_forms, layout_small_grid, uniq_louise
Temple:   chequers_temple_sunken
Lair:1:   layout_concentric_octagons
Lair:2:   layout_regular_city, lemuel_old_faithful, uniq_amaemon
Lair:3:   layout_hall_layers, elwin_shoals_entry_rooms, spider_nest_entry_a,
          basic_altar, eino_small_chamber_without_monster, kennysheep_rathole
Lair:4:   layout_hall_layers, nicolae_slime_entry_slimehenge,
          infiniplex_staircase_pool, uniq_josephine
Lair:5:   hellmonk_lair_end_abyssal_woods, layout_loops_ring
Shoals:1: layout_shoals, nicolae_shoals_sun_and_surf, uniq_aizul
Shoals:2: layout_shoals, nicolae_shoals_wave_tunnel
Shoals:3: layout_shoals, hellmonk_ghost_happy_afterlife
Shoals:4: shoals_end_grunt_ice, layout_shoals, serial_shops, shop_fountains,
          nicolae_shop_crystal, nicolae_shoals_kraken_intersection,
          uniq_bai_suzhen, uniq_polyphemus
Spider:1: layout_spider_delve, uniq_agnes
Spider:2: layout_chambers, portal_ice_cave_entry_pillars_three,
          hangedman_spider_tarantella_strand, uniq_mlioglotl
Spider:3: layout_spider_delve, hangedman_stitches_earthworm, uniq_arachne,
          uniq_jorgrun
Orc:1:    layout_caves, serial_shops, shop, nicolae_shop_gadgets
Orc:2:    st_orc_open, layout_caves
Depths:1: layout_honeycomb, enter_ziggurat_d, hangedman_coc_ice_floe,
          grunt_gozag_statues, nrook_campfire, nicolae_shop_clearance

Skill      XL: |  1  2  3  4  5  6  7  8  9 10 11 12 13 14 15 16 17 |
---------------+----------------------------------------------------+-----
Stealth        | 6 7 8 9 10 12 14 16 17 18 19 20 21 22 23 | 23.3
Fighting       | 2 3 4 5 6 7 8 9 10 11 12 | 12.6
Short Blades   | 3 4 5 7 9 10 12 13 14 16 17 19 20 | 20.1
Dodging        | 2 3 4 5 7 9 10 13 15 16 17 18 19 20 | 20.5
Hexes          | 4 7 9 11 12 14 15 | 15.7
Spellcasting   | 3 |  3.8
Throwing       | |  1.5

Action                   |  1- 3 |  4- 6 |  7- 9 | 10-12 | 13-15 | 16-18 || total
-------------------------+-------+-------+-------+-------+-------+-------++-------
Melee: Dagger            |    88 |     1 |       |       |       |       ||    89
       Bite              |    10 |     5 |    17 |    77 |   186 |   212 ||   507
       Rapier            |       |   108 |   216 |   526 |  1195 |  1246 ||  3291
       Punch             |       |       |       |     4 |    19 |    25 ||    48
Throw: Dart              |       |       |       |     2 |     2 |       ||     4
 Cast: Enfeeble          |       |       |       |       |       |     1 ||     1
       Confusing Touch   |       |       |       |       |       |     1 ||     1
 Abil: Exsanguinate      |     1 |       |       |       |       |       ||     1
       End Transformatio |       |       |       |     2 |     1 |       ||     3
       Bat Form          |       |       |       |     2 |     1 |       ||     3
       Evoke Blink       |       |       |       |     1 |       |       ||     1
Evoke: Wand              |       |       |       |       |     5 |     7 ||    12
  Use: Scroll            |     1 |     1 |     1 |    17 |    22 |    10 ||    52
       Potion            |       |       |       |     6 |     6 |     4 ||    16
 Stab: Sleeping          |    11 |    23 |    33 |    44 |   132 |    89 ||   332
       Distracted        |       |     2 |     1 |     4 |    11 |    30 ||    48
       Invisible         |       |       |       |     2 |       |       ||     2
       Confused          |       |       |       |       |       |     1 ||     1
       Petrifying        |       |       |       |       |       |     1 ||     1
Armor: Robe              |    24 |     9 |    15 |    19 |       |       ||    67
       Steam dragon scal |       |       |       |    35 |    72 |   101 ||   208
Dodge: Dodged            |    46 |    52 |   136 |   449 |   835 |  1142 ||  2660
Block: Other             |       |       |       |       |       |   113 ||   113

Table legend: (Time is in decaauts)
 A = Elapsed time spent in this place.
 B = Non-inter-level travel time spent in this place.
 C = Inter-level travel time spent in this place.
 D = Time resting spent in this place.
 E = Time spent auto-exploring this place.
 F = Levels seen in this place.
 G = Mean time per level.
                   A        B        C        D        E       F      G
               +--------+--------+--------+--------+--------+-----+--------+
         Total |  29263 |  26991 |   2272 |   3414 |  17784 |  32 |  914.5 |
       Dungeon |  14702 |  13329 |   1373 |   1256 |   9629 |  15 |  980.1 |
        Temple |    225 |    218 |      7 |      0 |    188 |   1 |  225.0 |
          Lair |   4094 |   3697 |    397 |    161 |   2761 |   5 |  818.8 |
        Shoals |   5866 |   5554 |    312 |   1585 |   2401 |   4 | 1466.5 |
   Spider Nest |   2349 |   2269 |     80 |    207 |   1631 |   3 |  783.0 |
  Orcish Mines |   1072 |    971 |    101 |      0 |    757 |   2 |  536.0 |
        Depths |     36 |     36 |      0 |      0 |     12 |   1 |   36.0 |
      Ice Cave |    917 |    917 |      0 |    205 |    404 |   1 |  917.0 |
               +--------+--------+--------+--------+--------+-----+--------+

Top non-repeatable levels by time:
Shoals:3: 2158 daAuts
     D:8: 1740 daAuts
Shoals:4: 1667 daAuts
     D:7: 1576 daAuts
Spider:2: 1566 daAuts
     D:9: 1524 daAuts
    D:14: 1142 daAuts
Shoals:1: 1138 daAuts
    D:11: 1093 daAuts
  Lair:2: 923 daAuts
   IceCv: 917 daAuts
Shoals:2: 902 daAuts
    D:13: 864 daAuts
  Lair:5: 862 daAuts
  Lair:1: 854 daAuts
